Map: Dusk Towers

Players

BunnyWillis - Winner!

  • Race: Terran Terran
  • League: Grandmaster

ProtossScum

  • Race: Zerg Zerg
  • League: Master

VOD

Have the link to the VOD?

Description

Time

  • Played on: Nov. 22, 2015, 9:46 p.m.
  • Length: 13:35
Show
View Real Time Build Order
Export as new Build Order

BunnyWillis Terran - Winner!

Build Orders: Command Center First (CC), Bio Mine, Hellion Banshee 

Get SALT Encoding   

  12  0:01  SCV  
  13  0:14  SCV  
  14  0:18  Supply Depot  
  14  0:26  SCV  
  15  0:39  SCV  
  16  0:52  SCV  
  17  0:59  Command Center  
  17  1:04  SCV  
  18  1:14  Barracks  
  18  1:16  SCV  
  19  1:22  Refinery  
  19  1:28  SCV  
  20  1:40  SCV  
  21  1:52  SCV  
  22  2:06  Barracks Reactor, Orbital Command  
  22  2:13  Orbital Command  
  22  2:20  Refinery  
  22  2:32  SCV  
  22  2:38  SCV  
  22  2:44  SCV, Factory, Marine  
  23  2:45  Marine  
  23  2:50  SCV  
  27  2:56  SCV  
  27  2:57  Supply Depot  
  28  3:03  SCV  
  28  3:04  Marine x2  
  31  3:08  SCV  
  32  3:15  SCV  
  33  3:20  SCV  
  34  3:29  Starport  
  34  3:31  SCV  
  34  3:32  SCV  
  36  3:35  Supply Depot, Hellion x2  
  36  3:36  Barracks Tech Lab  
  40  3:43  SCV  
  40  3:44  SCV  
  42  3:56  SCV, Hellion  
  42  3:57  SCV, Hellion  
  47  4:05  Supply Depot, Barracks Tech Lab  
  47  4:06  Supply Depot  
  47  4:08  SCV  
  47  4:09  SCV  
  49  4:12  Cloaking Field  
  49  4:13  Banshee  
  52  4:18  Hellion  
  54  4:27  SCV x2, Hellion  
  54  4:31  Marine  
  59  4:32  Stimpack  
  59  4:38  Command Center  
  59  4:39  SCV x2  
  59  4:43  Engineering Bay x2  
  61  4:49  Marauder  
  61  4:52  SCV x2  
  65  4:57  Factory Reactor  
  65  4:58  Banshee  
  68  5:04  SCV x2  
  70  5:12  Marine  
  61  5:16  SCV x2  
  61  5:25  Barracks  
  61  5:26  Terran Infantry Weapons Level 1, Barracks  
  61  5:27  Barracks x2  
  61  5:28  Terran Infantry Armor Level 1, SCV  
  61  5:29  SCV, Barracks  
  63  5:35  Refinery  
  63  5:36  Refinery  
  63  5:40  SCV  
  63  5:42  Marine  
  64  5:49  SCV  
  66  5:52  SCV, Orbital Command, Starport Reactor  
  67  5:57  Bunker  
  67  5:59  Factory Reactor  
  67  6:05  Marine  
  67  6:08  SCV  
  69  6:19  SCV x2  
  69  6:20  SCV  
  69  6:27  Supply Depot, Barracks Reactor, Missile Turret, Armory  
  69  6:28  Barracks Reactor  
  69  6:29  Barracks Reactor, Orbital Command  
  69  6:30  Supply Depot  
  69  6:32  Missile Turret  
  69  6:34  Missile Turret  
  69  6:35  Missile Turret  
  69  6:36  Marine x2  
  69  6:37  Marine x3  
  69  6:38  Widow Mine x2  
  69  6:39  Medivac x2  
  82  6:41  SCV  
  82  6:42  SCV  
  82  6:45  Orbital Command  
  84  6:49  Combat Shields  
  84  6:51  Marauder  
  84  6:53  SCV  
  84  6:54  SCV, Marine x3  
  91  7:05  Marine  
  91  7:06  Marine x2  
  91  7:07  Marine x3  
  95  7:11  SCV x2  
  95  7:12  Marine  
  95  7:14  Medivac  
  95  7:15  Medivac  
  100  7:19  Widow Mine x2  
  100  7:20  Missile Turret  
  100  7:22  Missile Turret  
  104  7:23  Missile Turret  
  104  7:27  Marine  
  104  7:28  Marine x4  
  109  7:31  Terran Infantry Weapons Level 2  
  109  7:33  SCV  
  109  7:34  SCV  
  109  7:36  SCV  
  112  7:42  Refinery x2  
  112  7:43  Marine  
  112  7:44  Marine x3  
  114  7:50  Supply Depot  
  114  7:51  Supply Depot x2  
  116  7:53  Supply Depot  
  116  7:56  Terran Infantry Armor Level 2  
  116  7:59  Concussive Shells  
  116  8:01  Marine  
  116  8:02  Missile Turret  
  117  8:11  Marine  
  117  8:12  Marine x3  
  119  8:13  Marine x3  
  119  8:16  SCV x2  
  119  8:19  Marine x3  
  128  8:21  SCV  
  130  8:28  SCV  
  130  8:29  Marine  
  130  8:32  Marine x4  
  130  8:33  Marine  
  137  8:35  Marine  
  137  8:37  Marine  
  137  8:38  Supply Depot x2, Marauder x2  
  137  8:49  Marine  
  137  8:50  Marine  
  137  8:53  Marine  
  137  8:54  Widow Mine x2, Marine x3  
  143  8:59  Marauder x2  
  147  9:03  Factory  
  147  9:07  Marine  
  142  9:12  Marine x2  
  142  9:13  Marine x2  
  135  9:17  Marine x2  
  135  9:23  Marine x2  
  135  9:24  Marine  
  135  9:25  Widow Mine x2  
  135  9:26  Medivac x2  
  132  9:31  Command Center  
  130  9:40  Marine x2  
  130  9:41  Marine x5  
  130  9:42  Marauder x2, Marine  
  142  9:53  Terran Infantry Weapons Level 3  
  142  9:58  Marine x3  
  145  10:02  Marine  
  145  10:03  Marine, Marauder  
  149  10:12  Widow Mine, Medivac x2  
  149  10:13  Factory Tech Lab, Widow Mine  
  157  10:14  Terran Infantry Armor Level 3  
  157  10:28  Marine x4  
  146  10:29  Marauder, Marine x4  
  139  10:36  Marine  
  139  10:40  Drilling Claws  
  139  10:41  Widow Mine  
  128  10:45  Thor  
  128  10:46  Marine x6  
  138  10:51  Marauder  
  138  10:56  Widow Mine  
  142  11:00  Marine x2  
  142  11:01  Marauder  
  146  11:07  Marine x5  
  146  11:08  Marine  
  146  11:09  Widow Mine  
  154  11:12  Marauder  
  154  11:17  Marine  
  154  11:18  Marine  
  148  11:22  Marine  
  148  11:25  Marine x5  
  140  11:26  Marine  
  140  11:28  Planetary Fortress  
  141  11:33  Widow Mine, Marine  
  141  11:35  Marine x2  
  141  11:37  Thor  
  152  11:40  Marauder, Widow Mine  
  154  11:49  Marine x3  
  154  11:50  Marine  
  156  12:02  Widow Mine  
  156  12:03  Marine x2  
  148  12:11  Marine  
  148  12:12  Marine  
  148  12:13  Marine x2  
  148  12:14  Marauder x2, Widow Mine, Marine x2  
  146  12:19  Widow Mine  
  146  12:20  Marine  
  140  12:26  Marine  
  140  12:28  Liberator x2  
  140  12:29  Marine  
  136  12:30  Marine  
  136  12:31  Marine x2  
  136  12:32  Marine x2  
  136  12:35  Marauder, Marine  
  142  12:40  Marine  
  133  12:44  Marine  
  133  12:45  Widow Mine  
  133  12:46  Command Center, Widow Mine  
  133  12:47  Marine  
  133  12:48  Command Center, Thor  
  147  12:52  Starport  
  133  13:15  Marine  
Show
View Real Time Build Order
Export as new Build Order

ProtossScum Zerg 

Build Orders: Hatch First, Muta Ling Bane 

Get SALT Encoding   

  12  0:00  Drone  
  13  0:08  Drone  
  14  0:17  Overlord  
  14  0:22  Extractor  
  14  0:23  Drone  
  14  0:27  Extractor  
  13  0:29  Drone  
  16  0:36  Drone  
  17  0:44  Drone  
  18  0:56  Hatchery  
  17  1:00  Drone  
  18  1:05  Drone  
  18  1:06  Extractor  
  18  1:18  Spawning Pool  
  18  1:22  Drone  
  18  1:27  Drone  
  19  1:37  Drone  
  20  1:49  Overlord  
  20  2:05  Zergling x2  
  20  2:08  Metabolic Boost  
  21  2:10  Queen, Zergling x4  
  21  2:11  Queen  
  27  2:19  Drone  
  28  2:23  Drone  
  29  2:32  Drone x2  
  31  2:42  Drone x2  
  33  2:46  Queen  
  35  2:56  Hatchery  
  34  3:01  Overlord  
  34  3:11  Overlord x2  
  34  3:21  Drone x2  
  35  3:30  Drone  
  35  3:31  Drone x5  
  35  3:32  Drone  
  42  3:37  Overlord  
  42  3:41  Drone  
  43  3:55  Drone x3  
  45  3:56  Drone x4  
  50  4:05  Baneling Nest, Extractor x2  
  50  4:06  Lair  
  47  4:10  Drone x2  
  47  4:14  Queen  
  51  4:19  Overlord  
  51  4:22  Drone  
  51  4:23  Drone x2  
  54  4:27  Drone x2  
  54  4:41  Drone x2  
  54  4:43  Zergling x14  
  63  4:47  Zergling x2  
  63  4:52  Zergling x2  
  65  4:55  Zergling x2  
  65  5:00  Zergling x2  
  65  5:09  Centrifical Hooks  
  61  5:14  Drone x3  
  61  5:15  Drone x4  
  61  5:17  Extractor  
  66  5:21  Drone x3  
  66  5:22  Drone x3  
  66  5:24  Extractor  
  66  5:25  Extractor  
  70  5:30  Overlord  
  70  5:31  Drone x3  
  70  5:33  Hatchery  
  72  5:37  Overlord  
  72  5:41  Overseer  
  70  5:43  Overseer  
  70  5:46  Spire  
  64  5:55  Spore Crawler  
  59  5:57  Queen  
  59  6:02  Drone x8  
  67  6:04  Drone  
  64  6:17  Zergling x14  
  68  6:20  Zergling x2  
  69  6:28  Drone x4  
  73  6:38  Drone x3  
  76  6:42  Evolution Chamber  
  76  6:43  Evolution Chamber, Drone x2  
  76  6:45  Drone  
  76  6:46  Queen  
  79  6:56  Drone x3  
  79  6:57  Drone x5  
  78  7:11  Mutalisk  
  78  7:12  Mutalisk x5  
  78  7:13  Mutalisk  
  78  7:15  Mutalisk  
  87  7:19  Zerg Flyer Weapons Level 1  
  87  7:21  Pneumatized Carapace  
  89  7:24  Drone x3  
  92  7:30  Zerg Ground Armor Level 1, Zerg Melee Weapons Level 1  
  92  7:35  Drone x3  
  92  7:36  Drone, Overlord  
  96  7:38  Overlord  
  96  7:41  Overlord  
  96  7:50  Overlord  
  96  7:57  Zergling x2  
  96  7:58  Zergling x12  
  103  7:59  Zergling x2  
  104  8:10  Hatchery  
  103  8:15  Zergling x2  
  103  8:16  Zergling x20  
  103  8:17  Baneling  
  103  8:18  Baneling x6  
  103  8:19  Baneling  
  112  8:20  Baneling x7  
  112  8:22  Zergling x8  
  112  8:23  Zergling x2  
  115  8:32  Zergling x2  
  115  8:33  Zergling x10  
  121  8:36  Mutalisk  
  110  8:51  Mutalisk  
  110  8:52  Mutalisk x4  
  115  8:58  Zergling x10  
  97  9:18  Mutalisk  
  97  9:19  Mutalisk x2  
  97  9:22  Queen  
  97  9:23  Drone  
  109  9:24  Drone x4  
  107  9:33  Zergling x10  
  107  9:37  Overlord x4  
  112  9:40  Zerg Flyer Weapons Level 2  
  112  9:42  Hatchery  
  111  9:48  Zergling x2  
  111  9:51  Baneling  
  111  9:52  Baneling x3  
  112  9:53  Baneling x2  
  112  9:55  Baneling x3  
  112  9:59  Baneling  
  112  10:00  Zergling x8  
  112  10:01  Zergling x16  
  112  10:07  Zergling x4  
  125  10:12  Zergling x6  
  125  10:13  Zergling x4  
  131  10:16  Zergling x2  
  130  10:22  Baneling x6  
  130  10:28  Zergling x2, Baneling  
  122  10:29  Zergling x12  
  119  10:40  Overseer x3  
  113  10:45  Zergling x16  
  113  10:47  Overlord  
  121  10:54  Baneling x11  
  121  10:55  Zergling x8  
  125  11:05  Zergling x2  
  125  11:06  Zergling x4  
  110  11:22  Zergling x2  
  110  11:23  Zergling x22  
  108  11:28  Baneling  
  99  11:39  Zergling x2  
  101  11:40  Zergling x30  
  114  11:51  Baneling  
  114  11:52  Baneling x19  
  114  11:53  Zergling x2  
  114  11:54  Zergling x6  
  118  12:00  Zergling x6  
  121  12:02  Baneling  
  121  12:03  Baneling x6  
  100  12:14  Zergling x2  
  100  12:15  Zergling x22  
  93  12:23  Zergling x2  
  93  12:24  Zergling x4  
  88  12:31  Zergling x2  
  88  12:32  Zergling x4  
  86  12:44  Baneling  
  86  12:45  Baneling x14  
  86  12:46  Zergling x2, Baneling x9  
  86  12:47  Zergling x12  
  93  12:58  Hatchery  
  85  13:07  Zergling x2  
  85  13:08  Zergling x16  
Tags
 
Add a new tag
Caveats
  • Supply blocks, unpowered buildings, or Contaminate may cause inaccurate times.
  • Supply counts are checked every 10 seconds.